 Dungeon Crawl Stone Soup version 0.32-a0-732-ga344392067 (webtiles) character file.

Game seed: 6778429879647578884

10208 jasper the Fighter (level 11, 0/90 HPs)
             Began as a Demonspawn Shapeshifter on Mar 16, 2024.
             Was a Believer of Beogh.
             Slain by a slime creature (8 damage)
             ... on level 11 of the Dungeon.
             The game lasted 00:18:53 (9667 turns).

jasper the Fighter (Demonspawn Shapeshifter)        Turns: 9667, Time: 00:18:54

Health: 0/90       AC: 21    Str: 18    XL:     11   Next: 33%
Magic:  15/15      EV:  9    Int: 10    God:    Beogh [**....]
Gold:   123        SH:  5    Dex: 14    Spells: 10/10 levels left

rFire   . .          .
                       - Unarmed
rCold   . . .        (no shield)
rNeg    . . .        k - +3 scale mail
rPois   .            A - +0 helmet
rElec   .            K - +2 cloak
rCorr   +            (no gloves)
SInv    +            N - +0 pair of boots
Will    +....        j - amulet of reflection Stlth
                     s - ring of see invisible
HPRegen 0.35/turn    I - ring of willpower
MPRegen 0.14/turn

%: reflection
@: no status effects
A: claws 1, yellow scales 3, demonic magic 1
a: Renounce Religion, Smiting


You were on level 11 of the Dungeon.
You worshipped Beogh.
Beogh was pleased with you.
You visited 1 branch of the dungeon, and saw 12 of its levels.

You collected 627 gold pieces.
You spent 504 gold pieces at shops.

Inventory:

Hand Weapons
 b - a +8 heavy short sword
Missiles
 n - 3 throwing nets
 q - 4 boomerangs (quivered)
 u - 18 poisoned darts
 v - 11 curare-tipped darts
Armour
 a - a +0 animal skin
 e - a +0 ring mail
 h - a +0 chain mail
 k - a +3 scale mail (worn)
 z - the scarf of Indecent Exposure {harm, Will+}
   (You found it on level 6 of the Dungeon)

   Will+:     It increases your willpower.
 A - a +0 helmet (worn)
 H - +0 acid dragon scales
 K - a +2 cloak (worn)
 N - a +0 pair of boots (worn)
 P - a +0 tower shield
Jewellery
 j - an amulet of reflection (around neck)
 s - a ring of see invisible (left claw)
 t - a ring of resist corrosion
 I - a ring of willpower (right claw)
 L - a ring of positive energy
 M - a +6 ring of dexterity
Talismans
 c - a beast talisman
 d - a flux talisman
Wands
 w - a wand of flame (22)
 y - a wand of paralysis (25)
 E - a wand of digging (6)
 U - a wand of acid (7)
Scrolls
 p - 3 scrolls of poison
 B - 4 scrolls of amnesia
 D - a scroll of fog
 G - 4 scrolls of teleportation
 J - 2 scrolls of revelation
 O - a scroll of vulnerability
 R - a scroll of blinking
 T - 2 scrolls of brand weapon
Potions
 f - 2 potions of mutation
 g - 2 potions of haste
 i - a potion of ambrosia
 l - 3 potions of brilliance
 m - a potion of cancellation {unknown}
 o - 4 potions of enlightenment
 r - 2 potions of berserk rage
 x - a potion of degeneration
 C - 4 potions of curing
 F - a potion of might {unknown}
 Q - a potion of heal wounds {unknown}
 S - 2 potions of lignification


   Skills:
 - Level 10.0 Fighting
 + Level 9.1 Armour
 - Level 1.7 Dodging
 - Level 10.0 Unarmed Combat
 - Level 5.3 Invocations
 - Level 2.6 Shapeshifting


You had 10 spell levels left.
You didn't know any spells.
Your spell library contained the following spells:

 Spells                   Type           Power      Damage    Failure   Level
 Kiss of Death            Conj/Necr      0%         2d5       69%         1
 Static Discharge         Conj/Air       0%         3-3/arc   83%         2
 Sublimation of Blood     Necr           0%         N/A       83%         2
 Dazzling Flash           Conj/Hex       0%         N/A       96%         3
 Vampiric Draining        Necr           0%         2d6       96%         3
 Airstrike                Air            0%         2d(0-16)  100%        4
 Animate Armour           Summ/Erth      0%         N/A       100%        4
 Animate Dead             Necr           0%         N/A       100%        4
 Cause Fear               Hex            0%         N/A       100%        4
 Petrify                  Alch/Erth      0%         N/A       100%        4
 Summon Lightning Spire   Summ/Air       0%         N/A       100%        4
 Fireball                 Conj/Fire      0%         3d3       100%        5
 Irradiate                Conj/Alch      0%         3d11      100%        5
 Summon Forest            Summ/Tloc      0%         N/A       100%        5
 Summon Mana Viper        Hex/Summ       0%         N/A       100%        5
 Summon Cactus Giant      Summ           0%         N/A       100%        6
 Dragon's Call            Summ           0%         N/A       100%        9


Dungeon Overview and Level Annotations

Branches:
Dungeon (12/15)            Temple (0/1) D:7
   Lair: D:8-11         Orc: D:9-12

Altars:
Ashenzari
Qazlal
Sif Muna
Trog
Yredelemnul

Shops:
D:4 *   D:10 *?

Annotations:
D:6 3 runed translucent doors, TombstoneGhost's ghost, novice MiFi
D:7 2 transporters, dogverified's ghost, novice MfSh
D:8 3 runed translucent doors, RandomusNamus's ghost, novice DjFE


Innate Abilities, Weirdness & Mutations

Your facial features look somewhat orcish.
You have sharp fingernails.
You are completely covered in yellow scales. (AC +4, rCorr)
Spells you cast may paralyse adjacent enemies.


Message History

You block the slime creature's attack.
The slime creature hits you but does no damage.
You claw the slime creature!
The slime creature is severely wounded.
You mangle the slime creature!!
You kill the slime creature!
Beogh accepts your kill. The slime creature hits you!
* * * LOW HITPOINT WARNING * * *
You take 14 damage, and have 12/90 hp.
You claw the slime creature!
The slime creature is moderately wounded.
The slime creature hits you but does no damage.
You claw the slime creature!
The slime creature is heavily wounded.
The slime creature barely misses you.
You scratch the slime creature but do no damage.
The slime creature is moderately wounded.
The slime creature hits you.
* * * LOW HITPOINT WARNING * * *
You take 6 damage, and have 7/90 hp.
You scratch the slime creature.
The slime creature is heavily wounded.
The slime creature hits you.
* * * LOW HITPOINT WARNING * * *
You barely miss the slime creature.
The slime creature is heavily wounded.
You claw the slime creature!
The slime creature is severely wounded.
The slime creature completely misses you.
You claw the slime creature!
The slime creature is severely wounded.
The slime creature hits you but does no damage.
You scratch the slime creature.
The slime creature is almost dead.
The slime creature hits you but does no damage.
You claw the slime creature!
The slime creature is almost dead.
The slime creature hits you!
You die...

............##...................
....#..)....##.#...............##
#####.......##............(....##
#.......#............).......
#..#......#...............<..
###.#...............#.........
##.........#...........#..##.##
#..#.##.............#..รท#.##.#
#.#......[.##.@.........#....#
##.#.......##.J...............##
#..#.............#..##..........
#.##(............##......#......
#.##.......#....................
#.##.......#.#.#####.?>.........
#.##....<....#.# #............
##.##.......###.# #............
...##.......# #.# ##......#####


You could see a slime creature.

Vanquished Creatures
  3 two-headed ogres
  A komodo dragon (D:8)
  A kobold demonologist (D:11)
  2 trolls
  4 slime creatures (D:11)
  A vampire (D:12)
  A ynoxinul (D:8)
  13 yaks
  4 steam dragons
  3 vampire mosquitoes (D:11)
  An acid dragon (D:8)
  2 black bears (D:8)
  2 sky beasts
  3 ice beasts
  2 ogres
  5 centaurs
  2 phantoms
  4 kobold brigands
  3 bullfrogs
  A wyvern zombie (D:7)
  3 scorpions
  5 wights (D:10)
  3 killer bees (D:6)
  2 howler monkeys
  2 bombardier beetles
  2 hounds (D:6)
  2 orc priests
  6 jellies
  2 gnoll boudas
  14 orc wizards
  A sleepcap (D:5)
  Terence (D:3)
  3 iguanas
  Natasha (thrice) (D:2)
  A howler monkey zombie (D:7)
  10 gnolls
  7 adders
  4 ribbon worms
  A dart slug (D:2)
  18 orcs
  4 bats
  6 endoplasms
  5 giant cockroaches
  10 hobgoblins
  6 jackals
  5 quokkas
  6 ball pythons
  3 frilled lizards
  7 goblins
  27 kobolds
  4 rats
231 creatures vanquished.

Vanquished Creatures (others)
  A kobold brigand (D:7)
  2 orc wizards
  3 orcs
  A butterfly (D:3)
7 creatures vanquished.

Grand Total: 238 creatures vanquished

Notes
Turn   | Place    | Note
-------+----------+-------------------------------------------
     0 | D:1      | jasper the Demonspawn Shapeshifter began the quest for the
                  | Orb.
     0 | D:1      | Reached XP level 1. HP: 15/15 MP: 1/1
   163 | D:1      | Gained mutation: You are partially covered in yellow
                  | scales. (AC +2) [demonic ancestry]
   163 | D:1      | Reached XP level 2. HP: 22/22 MP: 2/2
   724 | D:2      | Gained mutation: You have sharp fingernails. [demonic
                  | ancestry]
   724 | D:2      | Reached XP level 3. HP: 29/29 MP: 3/3
   898 | D:2      | Noticed Natasha
   910 | D:2      | Killed Natasha
   941 | D:2      | Reached XP level 4. HP: 15/38 MP: 4/4
  1700 | D:2      | Noticed Natasha
  1706 | D:2      | Killed Natasha
  1707 | D:2      | Gained mutation: Spells you cast may paralyse adjacent
                  | enemies. [demonic ancestry]
  1707 | D:2      | Reached XP level 5. HP: 43/43 MP: 5/5
  1711 | D:2      | Noticed Natasha
  1720 | D:2      | Killed Natasha
  1721 | D:2      | Reached skill level 5 in Fighting
  1961 | D:3      | Noticed Terence
  1984 | D:3      | Became a worshipper of Beogh the Shepherd
  1994 | D:3      | Killed Terence
  2521 | D:4      | Gained mutation: You are mostly covered in yellow scales.
                  | (AC +3) [demonic ancestry]
  2521 | D:4      | Reached XP level 6. HP: 48/51 MP: 6/6
  2600 | D:4      | Found Kiekhach's Mass Market.
  2942 | D:4      | Found a stormy altar of Qazlal.
  3088 | D:4      | Reached * piety under Beogh
  3188 | D:5      | Entered Level 5 of the Dungeon
  3250 | D:5      | Reached skill level 5 in Unarmed Combat
  3451 | D:5      | Reached skill level 1 in Armour
  3457 | D:5      | Found a broken altar of Ashenzari.
  3671 | D:5      | Reached XP level 7. HP: 46/56 MP: 7/7
  4002 | D:6      | Reached skill level 5 in Armour
  4013 | D:6      | Reached skill level 1 in Invocations
  4029 | D:6      | Reached XP level 8. HP: 41/62 MP: 8/10
  4202 | D:6      | Reached skill level 5 in Invocations
  4297 | D:6      | Reached ** piety under Beogh
  4459 | D:6      | Found a runed translucent gate.
  4459 | D:6      | Found a runed translucent gate.
  4459 | D:6      | Found a runed translucent gate.
  4463 | D:6      | Noticed TombstoneGhost's ghost (novice MiFi)
  4490 | D:6      | Identified the scarf of Indecent Exposure {harm, Will+}
  5034 | D:7      | Reached XP level 9. HP: 22/75 MP: 9/13
  5368 | D:7      | Got the Anthology of Destiny and the Undead
  5375 | D:7      | Found a transporter.
  5375 | D:7      | Noticed dogverified's ghost (novice MfSh)
  5472 | D:7      | Found a staircase to the Ecumenical Temple.
  5706 | D:7      | Found a basalt altar of Yredelemnul.
  5911 | D:7      | Found a transporter.
  5915 | D:7      | Noticed a moth of wrath
  6265 | D:8      | Found a runed translucent gate.
  6265 | D:8      | Found a runed translucent gate.
  6265 | D:8      | Found a runed translucent gate.
  6266 | D:8      | Noticed RandomusNamus's ghost (novice DjFE)
  6399 | D:8      | Reached skill level 10 in Fighting
  6448 | D:8      | Found a shimmering blue altar of Sif Muna.
  6471 | D:8      | Noticed a troll
  6656 | D:8      | Killed a troll
  6703 | D:8      | Got Sif Muna's Treatise on Beckoning
  6708 | D:8      | Found a bloodstained altar of Trog.
  6720 | D:8      | Noticed a two-headed ogre
  6725 | D:8      | Killed a two-headed ogre
  6911 | D:8      | Gained mutation: You are completely covered in yellow
                  | scales. (AC +4, rCorr) [demonic ancestry]
  6911 | D:8      | Reached XP level 10. HP: 85/85 MP: 14/14
  7293 | D:9      | Noticed an arcanist
  7294 | D:9      | Noticed a large abomination
  7294 | D:9      | Noticed a large abomination
  7295 | D:9      | Noticed a large abomination
  7295 | D:9      | Noticed a large abomination
  7971 | D:9      | Reached skill level 10 in Unarmed Combat
  7983 | D:10     | Entered Level 10 of the Dungeon
  8281 | D:10     | Found Umaerono's Specific Store.
  8283 | D:10     | Found Gicesi's General Store.
  8288 | D:10     | Bought a scroll of identify for 26 gold pieces
  8292 | D:10     | Bought 2 potions of curing for 78 gold pieces
  8292 | D:10     | Bought a ring of positive energy for 260 gold pieces
  8315 | D:10     | Noticed a two-headed ogre
  8318 | D:10     | Killed a two-headed ogre
  8562 | D:10     | Identified the +1 ring mail "Unoonn" {rElec Will+}
  8651 | D:10     | Found Xaxkoas's Magic Scroll Boutique.
  8661 | D:10     | Bought a scroll of teleportation for 42 gold pieces
  8661 | D:10     | Bought a scroll of teleportation for 42 gold pieces
  8661 | D:10     | Bought a scroll of vulnerability for 56 gold pieces
  8897 | D:11     | Noticed a two-headed ogre
  8908 | D:11     | Reached XP level 11. HP: 80/90 MP: 15/15
  8929 | D:11     | Killed a two-headed ogre
  9667 | D:11     | Slain by a slime creature

Illustrated notes

Levels and vault maps discovered:
D:1:      moated_graveyard_arrival, layout_rooms, chequers_mini_garden
D:2:      layout_basic, basic_altar, uniq_natasha
D:3:      layout_rooms, nicolae_elyvilon_peaceful_grove,
          nicolae_concentric_dashed_squares_wild, uniq_terence
D:4:      layout_gridville, nicolae_qazlal_eye_of_the_storm, minmay_shop_mass,
          hangedman_decor_push
D:5:      cheibrodos_thug_alley, layout_rooms, old_standard_altar
D:6:      cheibrodos_steamvent, layout_rooms, gammafunk_ghost_nasty_kobolds
D:7:      layout_loops_ring, lemuel_zombie_altar_yredelemnul, temple_doors_cd,
          gammafunk_ghost_berserking_beasts
D:8:      minmay_flawed_box, layout_rooms,
          nzn_overflow_gifts_of_might_and_magic, zin_academy,
          ebering_ghost_rock_garden, amcnicky_mini_pool_small,
          minmay_misc_feat_columns
D:9:      layout_layer_cave, mainiacjoe_overflow_alcove_2, grunt_gozag_statues,
          grunt_lair_entry_orc_guard_hut, david_orc_5, laboratory
D:10:     layout_long_grid, serial_shops, nicolae_shop_just_a_little_nook,
          fountainhead, nicolae_specific_store
D:11:     layout_rooms
D:12:     layout_small_grid, st_stairs_12, disabler_island

Skill      XL: |  1  2  3  4  5  6  7  8  9 10 11 |
---------------+----------------------------------+-----
Fighting       | 2 3 4 5 8 10 | 10.0
Unarmed Combat | 4 5 7 10 | 10.0
Armour         | 2 5 7 9 |  9.1
Invocations    | 3 5 |  5.3
Dodging        | |  1.7
Shapeshifting  | |  2.6

Action                     |  1- 3 |  4- 6 |  7- 9 | 10-12 || total
---------------------------+-------+-------+-------+-------++-------
  Melee: Unarmed           |    90 |   191 |   366 |   337 ||   984
         Punch             |     4 |     1 |    17 |    18 ||    40
  Throw: Boomerang         |    27 |    24 |    12 |     4 ||    67
         Dart              |       |       |     1 |       ||     1
 Invoke: Convert to Beogh  |       |     1 |       |       ||     1
         Smiting           |       |       |     7 |     9 ||    16
Ability: Begin Untransform |       |     1 |       |       ||     1
    Use: Scroll            |     4 |     5 |     5 |     9 ||    23
         Potion            |       |     1 |     2 |     1 ||     4
   Stab: Sleeping          |     1 |       |       |       ||     1
         Invisible         |       |       |       |     6 ||     6
 Armour: Ring mail         |    44 |    22 |       |       ||    66
         Animal skin       |     1 |       |       |       ||     1
         Chain mail        |       |    55 |       |       ||    55
         Skin              |       |     4 |       |       ||     4
         Scale mail        |       |    64 |   358 |   275 ||   697
  Dodge: Dodged            |    47 |    80 |   207 |   162 ||   496
  Block: Other             |       |       |    58 |    69 ||   127
         Reflection        |       |       |     5 |     4 ||     9

Table legend: (Time is in decaauts)
 A = Elapsed time spent in this place.
 B = Non-inter-level travel time spent in this place.
 C = Inter-level travel time spent in this place.
 D = Time resting spent in this place.
 E = Time spent auto-exploring this place.
 F = Levels seen in this place.
 G = Mean time per level.
                   A        B        C        D        E       F      G
               +--------+--------+--------+--------+--------+-----+--------+
         Total |   9577 |   9386 |    191 |   1270 |   5891 |  12 |  798.1 |
       Dungeon |   9577 |   9386 |    191 |   1270 |   5891 |  12 |  798.1 |
               +--------+--------+--------+--------+--------+-----+--------+

Top non-repeatable levels by time:
     D:8: 1753 daAuts
     D:2: 1226 daAuts
     D:7: 1029 daAuts
     D:6: 957 daAuts
    D:10: 810 daAuts
     D:5: 797 daAuts
     D:3: 703 daAuts
    D:11: 700 daAuts
     D:4: 700 daAuts
     D:1: 559 daAuts
     D:9: 203 daAuts
    D:12: 136 daAuts
